Workbook

Sheet Summary
A1: Bob Scott's Bothy Association
A2: Income & Expenditure
A3: @ 31-07-25
A6: Income
A7: Membership Fees | B7: =-Income!E31 -> -355
A8: Donations | B8: =-Income!F31 -> -1253
A9: T-Shirts | B9: =-Income!G31 -> 0
A10: Calendars | B10: =-Income!H31 -> 0
A11: Other | B11: =-Income!I31 -> 0
B12: =SUM(B7:B11) -> -1608
A14: Expenditure
A15: Insurance | B15: =Expenditure!F12 -> 525.12
A16: Maintenance | B16: =Expenditure!G12 -> 176.03
A17: Travel | B17: ='Cash reconciliation'!H14 -> 0
A18: Other (Scanner) | B18: =Expenditure!I12 -> 322.8
B19: =SUM(B15:B18) -> 1023.95
A21: (Surplus)/Deficit in year | B21: =B19+B12 -> -584.05
A23: Reconciliation
A24: C/Fwd 2023/24 | B24: -3044.62
A25: Surplus/Deficit 2024/25 | B25: =B21 -> -584.05
A26: Derived Balance | B26: =SUM(B24:B25) -> -3628.67
A28: Bank @ 31/07/25 | B28: -3653.58
A29: Petty Cash Balance 31/07/25 | B29: ='Cash reconciliation'!J14 -> 24.91
A30: Paypal Account Balance 31/07/25 | B30: =-'Paypal receipts'!I5 -> 0
A31: Unpresented Cheques | B31: 0
A32: Actual Balance | B32: =SUM(B28:B31) -> -3628.67
A34: Difference | B34: =B26-B32 -> 0

Sheet Income
A1: Bob Scott's Bothy Association
A2: Income Received
A4: Date | B4: Description | C4: Cash/Bank Transfer | E4: Memberships | F4: Donations | G4: Tshirt Sales | H4: Calenders | I4: Other | J4: Total
A5: 45505 | B5: Donation - D Rees | C5: Bank Transfer | F5: 5 | J5: =SUM(E5:I5) -> 5
A6: 45516 | B6: Donation - Christ Nangle | C6: Bank Transfer | F6: 250 | J6: =SUM(E6:I6) -> 250
A7: 45543 | B7: Membership - Neil Findlay | C7: Bank Transfer | E7: 20 | J7: =SUM(E7:I7) -> 20
A8: 45543 | B8: Membership - Dave Johnstone | C8: Bank Transfer | E8: 20 | J8: =SUM(E8:I8) -> 20
A9: 45544 | B9: Membership - Bill Sutherland | C9: Bank Transfer | E9: 20 | J9: =SUM(E9:I9) -> 20
A10: 45545 | B10: Membership - John Gifford | C10: Bank Transfer | E10: 20 | J10: =SUM(E10:I10) -> 20
A11: 45546 | B11: Membership - Lorraine/Dave Knowles | C11: Bank Transfer | E11: 40 | J11: =SUM(E11:I11) -> 40
A12: 45565 | B12: Memberships - Walt Black, Jim Wright, Kenny Ferguson, | C12: Bank Transfer | E12: 80 | J12: =SUM(E12:I12) -> 80
A13: 45565 | B13: Donation - Sandie Simpson | C13: Bank Transfer | F13: 125 | J13: =SUM(E13:I13) -> 125
A14: 45575 | B14: Membership - Neil Reid | C14: Bank Transfer | E14: 20 | J14: =SUM(E14:I14) -> 20
A15: 45597 | B15: Donation - D Rees | C15: Bank Transfer | F15: 5 | J15: =SUM(E15:I15) -> 5
A16: 45621 | B16: Donation - I Mitchell | C16: Cheque | F16: 200 | J16: =SUM(E16:I16) -> 200
A17: 45621 | B17: Donation - Ballater WI | C17: Cheque | F17: 100 | J17: =SUM(E17:I17) -> 100
A18: 45653 | B18: Donation - Doug Palmer | C18: Bank Transfer | F18: 50 | J18: =SUM(E18:I18) -> 50
A19: 45691 | B19: Donation - D Rees | C19: Bank Transfer | F19: 5 | J19: =SUM(E19:I19) -> 5
A20: 45743 | B20: Donation - Ballater & District PROBUS | C20: Bank Transfer | F20: 50 | J20: =SUM(E20:I20) -> 50
A21: 45747 | B21: Donation - in person cash donations 29/03/25 | C21: Bank Transfer | F21: 40 | J21: =SUM(E21:I21) -> 40
A22: 45748 | B22: Membership - Stuart Fraser | C22: Bank Transfer | E22: 20 | J22: =SUM(E22:I22) -> 20
A23: 45771 | B23: Membership - Bert Barnett | C23: Bank Transfer | E23: 25 | J23: =SUM(E23:I23) -> 25
A24: 45777 | B24: Membership - Derek Stewart | C24: Bank Transfer | E24: 20 | J24: =SUM(E24:I24) -> 20
A25: 45778 | B25: Donation - D Rees | C25: Bank Transfer | F25: 5 | J25: =SUM(E25:I25) -> 5
A26: 45779 | B26: Memberships - Abbie Morgan & Ronnie Wood | C26: Bank Transfer | E26: 45 | J26: =SUM(E26:I26) -> 45
A27: 45804 | B27: Memberships - Alan Moore | C27: Bank Transfer | E27: 25 | J27: =SUM(E27:I27) -> 25
A28: 45855 | B28: Donation - Dave Hand funeral collection | C28: Bank Transfer | F28: 408 | J28: =SUM(E28:I28) -> 408
A29: 45866 | B29: Donation - Paul Hodson | C29: Bank Transfer | F29: 10 | J29: =SUM(E29:I29) -> 10
J30: =SUM(E30:I30) -> 0
E31: =SUBTOTAL(9,E5:E30) -> 355 | F31: =SUBTOTAL(9,F5:F30) -> 1253 | G31: =SUBTOTAL(9,G5:G30) -> 0 | H31: =SUBTOTAL(9,H5:H30) -> 0 | I31: =SUBTOTAL(9,I5:I30) -> 0 | J31: =SUBTOTAL(9,J5:J30) -> 1608

Sheet Member List to 31-07-22
A1: Name | B1: Address | C1: Email | D1: 2016/17 Membership Paid | E1: 2017/18 Membership Paid | F1: 2018/19 Membership Paid | G1: 2019/20 Membership Paid | H1: 2020/21 Membership Paid | I1: 2021/22 Membership Paid | J1: 2022/23 Membership Paid | K1: 2016/17 Date Paid | L1: 2017/18 Date Paid | M1: 2018/19 Date Paid | N1: 2019/20 Date Paid | O1: 2020/21 Date Paid | P1: 2021/22 Date Paid | Q1: 2022/23 Date Paid
A2: Kenny Freeman | B2: 6 Durno Park, Kirkton of Skene, Westhill, Aberdeenshire, AB32 6GA | C2: manofcharr@hotmail.com | D2: Y | E2: Y | F2: Y | G2: Y | H2: Y | I2: Y | J2: Y | K2: 42482 | L2: 42872 | M2: 43197 | N2: 43724 | O2: 43943 | P2: 44470 | Q2: 44813 | S2: =CONCATENATE(C2,";",C3,";",C4,";",C7,";",C8,";",C9,";",C10,";",C11,";",C13,";",C14,";",C16,";",C17,";",C18,";",C20,";",C21,";",C23,";",C25,";+C26",";",C28,";") -> manofcharr@hotmail.com;derekstewart50@hotmail.com;stuartsmacbook@me.com;ianshand7@btinternet.com;bill.sutherland10@btinternet.com;jmgiff@tiscali.co.uk;neilfindlay@hotmail.com;dave.knowles@btinternet.com;dajohnstone59@btinternet.com;bert@tighdun.freeserve.co.uk;waltblack@sky.com;hermles030@gmail.com;elainefreeman@hotmail.com;jhlwatson@hotmail.com;neil.reid@talktalk.net ;J_wright316@hotmail.com;john.thilthorpe@btopenworld.com;+C26;paul.atkinson.whiteburn@gmail.com;
A3: Derek Stewart | B3: 24 The Bryony, Tullibody, Alloa, Clackmannanshire, FK10 2XB | C3: derekstewart50@hotmail.com | D3: Y | E3: Y | F3: Y | G3: Y | H3: Y | I3: Y | J3: Y | K3: 42493 | L3: 42857 | M3: 43220 | N3: 43585 | O3: 43951 | P3: 44316 | Q3: 44684 | S3: manofcharr@hotmail.com;stuartsmacbook@me.com;ianshand7@btinternet.com;bill.sutherland10@btinternet.com;jmgiff@tiscali.co.uk;neilfindlay@hotmail.com;dave.knowles@btinternet.com;dajohnstone59@btinternet.com;bert@tighdun.freeserve.co.uk;waltblack@sky.com;hermles030@gmail.com;elainefreeman@hotmail.com;jhlwatson@hotmail.com;neil.reid@talktalk.net ;J_wright316@hotmail.com;john.thilthorpe@btopenworld.com;+C26;paul.atkinson.whiteburn@gmail.com;
A4: Stuart Fraser | B4: 9 St Nicolas Road, Banchory, Aberdeenshire, AB31 5YE | C4: stuartsmacbook@me.com | D4: Y | E4: Y | F4: Y | G4: Y | H4: Y | I4: Y | K4: 42482 | L4: 43101 | M4: 43221 | N4: 43728 | O4: 44263 | P4: 44652
A5: Stan Stewart | B5: 20 Gilsay Place, Perth, PH1 3DG | C5: stanfstewart@blueyonder.co.uk | D5: Y | E5: Y | F5: Y | G5: Y | I5: Y | J5: Y | K5: 42482 | L5: 42835 | M5: 43197 | N5: 43600 | P5: 44397 | Q5: 44670
A6: Allan Moore | B6: 11 Kingsburn Road, Dundee, DD2 2TX | C6: mooreallan3@gmail.com | D6: Y | E6: Y | F6: Y | G6: Y | H6: Y | I6: Y | J6: Y | K6: 42485 | L6: 42870 | M6: 43193 | N6: 43563 | O6: 43962 | P6: 44340 | Q6: 44685
A7: Ian Shand | B7: 13 Craigview Place, Ballater, Aberdeenshire, AB35 5PJ | C7: ianshand7@btinternet.com | D7: Y | E7: Y | F7: Y | G7: Y | H7: Y | I7: Y | J7: Y | K7: 42494 | L7: 42828 | M7: 43199 | N7: 43586 | O7: 44004 | P7: 44470 | Q7: 44767
A8: Bill Sutherland | B8: 4 Moore of Balvack, Moneymusk, Inverurie, AB51 7SQ | C8: bill.sutherland10@btinternet.com | D8: Y | E8: Y | F8: Y | G8: Y | H8: Y | I8: Y | J8: Y | K8: 42493 | L8: 42870 | M8: 43193 | N8: 43579 | O8: 44004 | P8: 44343 | Q8: 44767
A9: John Gifford | B9: 1 Seafield Place, Cullen, Buckie, AB56 4RU | C9: jmgiff@tiscali.co.uk | D9: Y | E9: Y | F9: Y | G9: Y | H9: Y | I9: Y | K9: 42482 | L9: 42947 | M9: 43197 | N9: 43557 | O9: 44004 | P9: 44459
A10: Neil Findlay | B10: 11 Park Place, Newtonhill, AB39 3PG | C10: neilfindlay@hotmail.com | D10: Y | E10: Y | F10: Y | G10: Y | H10: Y | I10: Y | J10: Y | K10: 42493 | L10: 42946 | M10: 43197 | N10: 43574 | O10: 44003 | P10: 44340 | Q10: 44767
A11: Dave Knowles | C11: dave.knowles@btinternet.com | D11: Y | E11: Y | F11: Y | G11: Y | H11: Y | I11: Y | J11: Y | K11: 42487 | L11: 42872 | M11: 43197 | N11: 43580 | O11: 44012 | P11: 44340 | Q11: 44769
A12: Lorraine Knowles | G12: Y | H12: Y | I12: Y | J12: Y | N12: 43580 | O12: 44012 | P12: 44340 | Q12: 44769
A13: Dave Johnstone | C13: dajohnstone59@btinternet.com | D13: Y | E13: Y | F13: Y | G13: Y | H13: Y | I13: Y | J13: Y | K13: 42485 | L13: t | M13: 43193 | N13: 43579 | O13: 44004 | P13: 44340 | Q13: 44767
A14: Bert Barnett | C14: bert@tighdun.freeserve.co.uk | D14: Y | E14: Y | F14: Y | G14: Y | H14: N | K14: 42487 | L14: 42871 | M14: 43201 | N14: 43585
A15: John Arnott | B15: Townhead Cottage, The Cobbles, Kinnesswood, Kinross, KY13 9HL | C15: johnfarnott@googlemail.com | D15: Y | E15: N | G15: N | H15: N | I15: Y | J15: N/A | K15: 42488 | P15: 44341
A16: Walt Black | B16: ? Aberfeldy, Perthshire | C16: waltblack@sky.com | D16: Y | E16: Y | F16: Y | G16: Y | H16: N | I16: Y | K16: 42513 | L16: 42931 | M16: 43374 | N16: 43602 | P16: 44361
A17: Kenny Ferguson | B17: 41 Birnie Place, Elgin, Moray, IV30 6EB | C17: hermles030@gmail.com | D17: Y | E17: Y | F17: Y | G17: Y | H17: N | I17: Y | J17: Y | K17: 42521 | L17: 42835 | M17: 43197 | N17: 43750 | Q17: 44820
A18: Elaine Kinghorn | C18: elainefreeman@hotmail.com | D18: Y | E18: Y | F18: Y | G18: Y | H18: Y | I18: Y | J18: Y | K18: 42482 | L18: 42872 | M18: 43197 | N18: 43724 | O18: 43943 | P18: 44470 | Q18: 44813
A19: Elaine Freeman +1 | D19: Y | E19: N | F19: N | H19: N
A20: John Watson | B20: 26 Wallace Avenue, Elderslie, Renfrewshire PA5 9LL | C20: jhlwatson@hotmail.com | D20: Y | E20: Y | F20: Y | G20: Y | H20: Y | I20: Y | J20: Y | K20: 42521 | L20: 42872 | M20: 43262 | N20: 43615 | O20: 44005 | P20: 44340 | Q20: 44768
A21: Neil Reid | B21: 6 St Mary’s Road, Kirkcaldy, KY1 2RQ | C21: neil.reid@talktalk.net | D21: Y | E21: Y | F21: Y | H21: Y | I21: Y | J21: Y | K21: 42530 | M21: 43197 | O21: 44258 | P21: 44670 | Q21: 44820
A22: Graham Tweedie | D22: Y | E22: Y | H22: N | K22: 42548 | L22: 42835
A23: Jim Wright | B23: 40 Pilgrim's Hill, Linlithgow | C23: J_wright316@hotmail.com | D23: Y | E23: Y | F23: Y | G23: Y | H23: Y | J23: Y | K23: 42584 | L23: 42916 | M23: 43374 | N23: 43724 | O23: 43973
A24: Abbie Morgan | D24: Y | E24: Y | F24: Y | G24: Y | H24: Y | I24: Y | J24: Y | K24: 42620 | L24: 43010 | M24: 43197 | N24: 43600 | O24: 43943 | P24: 44397 | Q24: 44820
A25: John Thilthorpe | B25: Irnauchland Cottage, Huntly, AB54 7NX | C25: john.thilthorpe@btopenworld.com | D25: Y | E25: Y | F25: Y | G25: N | H25: N | I25: N | K25: 42674 | L25: 42835 | M25: 43197
A26: Kevin Campbell | C26: kevin_campbell16@yahoo.co.uk | D26: N | E26: Y | F26: Y | G26: Y | H26: Y | I26: Y | L26: 42828 | M26: 43197 | N26: 43601 | O26: 44004 | P26: 44371
A27: Stuart Maxwell | D27: N | E27: Y | G27: N | H27: N | I27: N | L27: 43120
A28: Paul Atkinson | B28: East Whiteburn, Ellon, AB41 8YS | C28: paul.atkinson.whiteburn@gmail.com | D28: N | E28: N | F28: Y | G28: Y | H28: Y | I28: Y | M28: 43197 | N28: 43580 | P28: 44512
A29: Jamie Kinghorn | B29: c/o Elaine | F29: Y | G29: Y | H29: Y | I29: Y | J29: Y | M29: 43195 | N29: 43724 | O29: 43943 | P29: 44470 | Q29: 44813
A30: Andy McNicol | C30: themcnicols@gmail.com | G30: Y | H30: Y | I30: Y | J30: Y | N30: 43600 | O30: 43948 | P30: 44303 | Q30: 44670
A31: Ronnie Robb | G31: Y | H31: Y | I31: N | N31: 43600
A32: John Bygate | H32: N | I32: N | J32: Y | Q32: 44820
A33: Robert ? | J33: Y | Q33: 44820
A34: Tam Mangan | J34: Y
C36: Members Count | G36: 24 | H36: 21 | I36: 21 | J36: 21 | K36: =COUNT(K2:K29) -> 22 | L36: =COUNT(L2:L29) -> 21 | M36: =COUNT(M2:M29) -> 23

Sheet Expenditure
A1: Bob Scott's Bothy Association
A2: Expenditure
A4: Date | B4: Description | C4: Cash/Bank Transfer/Cheque | E4: C/Fwd | F4: Insurance | G4: Maintenance | H4: Travel | I4: Other | J4: Total | K4: Item no
A5: 45549 | B5: Woodstain for front door and frame | C5: Cash | G5: 15 | J5: =SUM(E5:I5) -> 15 | K5: 1
A6: 45736 | B6: The Scanner Shop | C6: Cheque | I6: 322.8 | J6: =SUM(E6:I6) -> 322.8 | K6: 2
A7: 45811 | B7: Keegan & Pennykidd | C7: Cheque | F7: 525.12 | J7: =SUM(E7:I7) -> 525.12 | K7: 3
A8: 45781 | B8: Vermiculite Fire Board | G8: 59.39 | J8: =SUM(E8:I8) -> 59.39 | K8: 4
B9: Stove Rope Sealing Tape | G9: 24.99 | J9: =SUM(E9:I9) -> 24.99 | K9: 5
A10: 45811 | B10: Fence Posts/Sleeves | G10: 58.65 | J10: =SUM(E10:I10) -> 58.65 | K10: 6
A11: 45862 | B11: Stove Paint | G11: 18 | J11: =SUM(E11:I11) -> 18 | K11: 7
E12: =SUM(E5:E11) -> 0 | F12: =SUM(F5:F11) -> 525.12 | G12: =SUM(G5:G11) -> 176.03 | H12: =SUM(H5:H11) -> 0 | I12: =SUM(I5:I11) -> 322.8 | J12: =SUM(J5:J11) -> 1023.95

Sheet Member List (Ongoing)
A1: Name | B1: Email | C1: 2016/17 Membership Paid | D1: 2017/18 Membership Paid | E1: 2018/19 Membership Paid | F1: 2019/20 Membership Paid | G1: 2020/21 Membership Paid | H1: 2021/22 Membership Paid | I1: 2022/23 Membership Paid | J1: 2023/24 Membership Paid? | K1: 2024/25 Membership Paid? | L1: 2025/26 Membership Paid? | M1: 2016/17 Date Paid | N1: 2017/18 Date Paid | O1: 2018/19 Date Paid | P1: 2019/20 Date Paid | Q1: 2020/21 Date Paid | R1: 2021/22 Date Paid | S1: 2022/23 Date Paid | T1: 2023/24 Date Paid | U1: 2024/24 Date Paid | V1: 2025/26 Date Paid
A2: Kenny Freeman | B2: manofcharr@hotmail.com | C2: Y | D2: Y | E2: Y | F2: Y | G2: Y | H2: Y | I2: Y | J2: Y | K2: Y | M2: 42482 | N2: 42872 | O2: 43197 | P2: 43724 | Q2: 43943 | R2: 44470 | S2: 44813 | T2: 45215 | U2: 45404
A3: Derek Stewart | B3: derekstewart50@hotmail.com | C3: Y | D3: Y | E3: Y | F3: Y | G3: Y | H3: Y | I3: Y | J3: Y | K3: Y | L3: Y | M3: 42493 | N3: 42857 | O3: 43220 | P3: 43585 | Q3: 43951 | R3: 44316 | S3: 44684 | T3: 45048 | U3: 45412 | V3: 45777
A4: John Gifford | B4: jmgiff@tiscali.co.uk | C4: Y | D4: Y | E4: Y | F4: Y | G4: Y | H4: Y | I4: Y | J4: Y | K4: Y | M4: 42482 | N4: 42947 | O4: 43197 | P4: 43557 | Q4: 44004 | R4: 44459 | S4: 44781 | T4: 45187 | U4: 45545
A5: Neil Findlay | B5: neilfindlay@hotmail.com | C5: Y | D5: Y | E5: Y | F5: Y | G5: Y | H5: Y | I5: Y | J5: Y | K5: Y | M5: 42493 | N5: 42946 | O5: 43197 | P5: 43574 | Q5: 44003 | R5: 44340 | S5: 44767 | T5: 45187 | U5: 45513
A6: Kenny Ferguson | B6: hermles030@gmail.com | C6: Y | D6: Y | E6: Y | F6: Y | G6: N | H6: Y | I6: Y | J6: N | K6: Y | M6: 42521 | N6: 42835 | O6: 43197 | P6: 43750 | S6: 44820 | T6: n/a | U6: 45563
A7: Neil Reid | B7: neil.reid@talktalk.net | C7: Y | D7: Y | E7: Y | G7: Y | H7: Y | I7: Y | J7: Y | K7: Y | M7: 42530 | O7: 43197 | Q7: 44258 | R7: 44670 | S7: 44820 | T7: 45215 | U7: 45575
A8: Ian Shand | B8: ianshand7@btinternet.com | C8: Y | D8: Y | E8: Y | F8: Y | G8: Y | H8: Y | I8: Y | J8: Y | K8: Y | M8: 42494 | N8: 42828 | O8: 43199 | P8: 43586 | Q8: 44004 | R8: 44470 | S8: 44767 | T8: 45082 | U8: 45425
A9: Elaine Kinghorn | B9: elainefreeman@hotmail.com | C9: Y | D9: Y | E9: Y | F9: Y | G9: Y | H9: Y | I9: Y | J9: Y | M9: 42482 | N9: 42872 | O9: 43197 | P9: 43724 | Q9: 43943 | R9: 44470 | S9: 44813 | T9: 45404
A10: Stuart Fraser | B10: stuartsmacbook@me.com | C10: Y | D10: Y | E10: Y | F10: Y | G10: Y | H10: Y | I10: Y | J10: Y | K10: Y | M10: 42482 | N10: 43101 | O10: 43221 | P10: 43728 | Q10: 44263 | R10: 44652 | S10: 45019 | T10: 45353 | U10: 45748
A11: Stan Stewart | B11: stanfstewart@blueyonder.co.uk | C11: Y | D11: Y | E11: Y | F11: Y | H11: Y | I11: Y | J11: Y
A12: Allan Moore | B12: mooreallan3@gmail.com | C12: Y | D12: Y | E12: Y | F12: Y | G12: Y | H12: Y | I12: Y | J12: Y | K12: Y | L12: Y | M12: 42485 | N12: 42870 | O12: 43193 | P12: 43563 | Q12: 43962 | R12: 44340 | S12: 44685 | T12: 45048 | U12: 45404 | V12: 45804
A13: Bill Sutherland | B13: bill.sutherland10@btinternet.com | C13: Y | D13: Y | E13: Y | F13: Y | G13: Y | H13: Y | I13: Y | J13: Y | K13: Y | M13: 42493 | N13: 42870 | O13: 43193 | P13: 43579 | Q13: 44004 | R13: 44343 | S13: 44767 | T13: 45187 | U13: 45544
A14: Dave Knowles | B14: dave.knowles@btinternet.com | C14: Y | D14: Y | E14: Y | F14: Y | G14: Y | H14: Y | I14: Y | J14: Y | K14: Y | M14: 42487 | N14: 42872 | O14: 43197 | P14: 43580 | Q14: 44012 | R14: 44340 | S14: 44769 | T14: 45194 | U14: 45546
A15: Lorraine Knowles | F15: Y | G15: Y | H15: Y | I15: Y | J15: Y | K15: Y | P15: 43580 | Q15: 44012 | R15: 44340 | S15: 44769 | T15: 45194 | U15: 45546
A16: Dave Johnstone | B16: dajohnstone59@btinternet.com | C16: Y | D16: Y | E16: Y | F16: Y | G16: Y | H16: Y | I16: Y | J16: Y | K16: Y | M16: 42485 | N16: t | O16: 43193 | P16: 43579 | Q16: 44004 | R16: 44340 | S16: 44767 | T16: 45187 | U16: 45513
A17: Walt Black | B17: waltblack@sky.com | C17: Y | D17: Y | E17: Y | F17: Y | G17: N | H17: Y | I17: N | J17: Y | K17: Y | M17: 42513 | N17: 42931 | O17: 43374 | P17: 43602 | R17: 44361 | S17: n/a | T17: 45107 | U17: 45563
A18: Jamie Kinghorn | B18: jamierkinghorn@gmail.com | E18: Y | F18: Y | G18: Y | H18: Y | I18: Y | J18: N | O18: 43195 | P18: 43724 | Q18: 43943 | R18: 44470 | S18: 44813 | T18: n/a
A19: John Watson | B19: jhlwatson@hotmail.com | C19: Y | D19: Y | E19: Y | F19: Y | G19: Y | H19: Y | I19: Y | J19: Y | M19: 42521 | N19: 42872 | O19: 43262 | P19: 43615 | Q19: 44005 | R19: 44340 | S19: 44768 | T19: 45068
A20: Jim Wright | B20: J_wright316@hotmail.com | C20: Y | D20: Y | E20: Y | F20: Y | G20: Y | H20: N | I20: Y | J20: N | K20: Y | M20: 42584 | N20: 42916 | O20: 43374 | P20: 43724 | Q20: 43973 | R20: n/a | S20: 44767 | T20: n/a | U20: 45563
A21: Abbie Morgan | B21: morgan_a17@sky.com | C21: Y | D21: Y | E21: Y | F21: Y | G21: Y | H21: Y | I21: Y | J21: Y | K21: Y | L21: Y | M21: 42620 | N21: 43010 | O21: 43197 | P21: 43600 | Q21: 43943 | R21: 44397 | S21: 44820 | T21: 45038 | U21: 45404 | V21: 45773
A22: Kevin Campbell | B22: kevin_campbell16@yahoo.co.uk | C22: N | D22: Y | E22: Y | F22: Y | G22: Y | H22: Y | I22: N | J22: N | N22: 42828 | O22: 43197 | P22: 43601 | Q22: 44004 | R22: 44371 | S22: n/a | T22: n/a
A23: Paul Atkinson | B23: paul.atkinson.whiteburn@gmail.com | C23: N | D23: N | E23: Y | F23: Y | G23: Y | H23: Y | I23: N | J23: Y | S23: n/a | T23: 45194
A24: Andy McNicol | B24: themcnicols@gmail.com | F24: Y | G24: Y | H24: Y | I24: Y | J24: Y | P24: 43600 | Q24: 43948 | R24: 44303 | S24: 44670 | T24: 45037
A25: John Bygate | B25: fattishboy@gmail.com | I25: Y | J25: N | K25: Y | S25: 44820 | T25: n/a | U25: 45404
A26: Robert Paterson | B26: 4452rpaterson@gmail.com | I26: Y | J26: Y | K26: Y | S26: 44820 | T26: 45038 | U26: 45404
A27: Tam Mangan | B27: camtam.stirling@outlook.com | I27: Y | J27: N
A28: Paul Ratcliffe | B28: paul_ratcliffe57@yahoo.com | I28: N | J28: N | K28: Y | S28: n/a | T28: n/a | U28: 45404
A29: John Arnott | C29: Y | D29: N | F29: N | G29: N | H29: Y | I29: N/A | M29: 42488 | R29: 44341 | T29: n/a
A30: Elaine Freeman +1 | C30: Y | D30: N | E30: N | G30: N | H30: N/A | I30: N/A | T30: n/a
A31: John Thilthorpe | B31: john.thilthorpe@btopenworld.com | C31: Y | D31: Y | E31: Y | F31: N | G31: N | H31: N | M31: 42674 | N31: 42835 | O31: 43197 | R31: n/a
A32: Ronnie Robb | F32: Y | G32: Y | H32: N | L32: Y | P32: 43600 | R32: n/a | V32: 45773
A33: Graham Tweedie | C33: Y | D33: Y | G33: N | H33: N | M33: 42548 | N33: 42835 | R33: n/a
A34: Bert Barnett | B34: bert@tighdun.freeserve.co.uk | C34: Y | D34: Y | E34: Y | F34: Y | G34: N | H34: N | L34: Y | M34: 42487 | N34: 42871 | O34: 43201 | P34: 43585 | R34: n/a | S34: n/a | V34: 45771
A35: Stuart Maxwell | C35: N | D35: Y | F35: N | G35: N | H35: N | N35: 43120 | R35: n/a
A36: Steven McCabe | I36: N | J36: N | K36: Y | S36: n/a | T36: n/a | U36: 45563
A37: Ronnie Wood | K37: Y | S37: n/a | T37: n/a | U37: 45773
B38: Members Count | C38: 23 | D38: 24 | E38: 23 | F38: 24 | G38: 21 | H38: 23 | I38: 23 | J38: 20 | K38: 20 | M38: =COUNT(M2:M23) -> 17 | N38: =COUNT(N2:N23) -> 16 | O38: =COUNT(O2:O23) -> 19

Sheet Cash reconciliation
A1: Bob Scott's Bothy Association
A2: Petty Cash
A4: Date | B4: Description | C4: Cash/Bank Transfer/Cheque | E4: C/fwd | F4: Cash Issued | G4: Maintenance | H4: Travel | I4: Other | J4: Total
A6: 44774 | B6: Opening Balance | E6: 48.88 | J6: =SUM(E6:I6) -> 48.88
A7: 45549 | B7: Woodstain for front door and frame | C7: Cash | G7: 15 | J7: =SUM(E7:I7) -> 15
A8: 45576 | B8: Petty cash reimbursement | C8: Cheque | F8: -200 | J8: =SUM(E8:I8) -> -200
A9: 45781 | B9: Vermiculite Fire Board | C9: Cash | G9: 59.39 | J9: =SUM(E9:I9) -> 59.39
B10: Stove Rope Sealing Tape | C10: Cash | G10: 24.99 | J10: =SUM(E10:I10) -> 24.99
A11: 45811 | B11: Fence Posts/Sleeves | C11: Cash | G11: 58.65 | J11: =SUM(E11:I11) -> 58.65
A12: 45862 | B12: Stove Paint | C12: Cash | G12: 18 | J12: =SUM(E12:I12) -> 18
J13: =SUM(E13:I13) -> 0
E14: =SUM(E6:E13) -> 48.88 | F14: =SUM(F6:F13) -> -200 | G14: =SUM(G6:G13) -> 176.03 | H14: =SUM(H6:H13) -> 0 | I14: =SUM(I6:I13) -> 0 | J14: =SUM(J6:J13) -> 24.91

Sheet Paypal receipts
A1: Date | B1: Type | C1: Description | G1: Payment | H1: Charges | I1: Net Rcvd | K1: Transfers | L1: Transferred
A2: 45505 | B2: Opening Balance | C2: Opening balance | G2: 0 | H2: 0 | I2: =SUM(G2:H2) -> 0
I3: =SUM(G3:H3) -> 0
I4: =SUM(G4:H4) -> 0
A5: Total Income Received/End of Year Balance | G5: =SUM(G2:G4) -> 0 | H5: =SUM(H2:H4) -> 0 | I5: =SUM(I3:I4) -> 0
